 Dungeon Crawl Stone Soup version 0.23.2 (webtiles) character file.

Game seed: 4852276689280044092

85 Borgoz the Ducker (level 4, 0/37 HPs)
             Began as a Ghoul Gladiator on Apr 3, 2019.
             Killed from afar by an orc wizard (12 damage)
             ... with a puff of flame
             ... on level 2 of the Dungeon.
             The game lasted 00:01:23 (987 turns).

Borgoz the Ducker (Ghoul Gladiator)                  Turns: 987, Time: 00:01:24

Health: 0/37       AC:  4    Str: 17    XL:     4   Next: 48%
Magic:  3/3        EV: 12    Int:  4    God:
Gold:   52         SH:  0    Dex: 10    Spells: 3/3 levels left

rFire    . . .     SeeInvis .   a - +0 rapier
rCold    + . .     Gourm    .   (no shield)
rNeg     + + +     Faith    .   b - +0 leather armour
rPois    ∞         Spirit   .   c - +0 helmet
rElec    .         Reflect  .   (no cloak)
rCorr    .         Harm     .   (no gloves)
MR       .....                  (no boots)
Stlth    +.........             (no amulet)
HPRegen  0.00/turn              (no ring)
MPRegen  0.08/turn              (no ring)

@: rotting, hasted, very quick
A: rotting body, claws 1, carnivore, cold resistance 1, negative energy
resistance 3, inhibited regeneration, torment resistance, unbreathing
a: no special abilities


You were on level 2 of the Dungeon.
You were not hungry.

You visited 1 branch of the dungeon, and saw 2 of its levels.

You collected 52 gold pieces.

Inventory:

Hand Weapons
 a - a +0 rapier (weapon)
Missiles
 d - 2 throwing nets (quivered)
Armour
 b - a +0 leather armour (worn)
 c - a +0 helmet (worn)
Scrolls
 e - 2 scrolls of identify {unknown}
 i - a scroll of remove curse {unknown}
Comestibles
 f - 4 rations


   Skills:
 + Level 2.6 Fighting
 * Level 3.2 Short Blades
 - Level 1.7 Throwing
 * Level 1.6 Armour
 * Level 3.2 Dodging
 + Level 1.3 Stealth


You had 3 spell levels left.
You didn't know any spells.
Your spell library was empty.

Dungeon Overview and Level Annotations

Branches:
Dungeon (2/15)

Altars:


Innate Abilities, Weirdness & Mutations

Your body is rotting away.
You thrive on raw meat.
You are immune to poison.
You have sharp fingernails.
You are carnivorous and can eat meat at any time.
Your flesh is cold resistant. (rC+)
You are immune to negative energy. (rN+++)
You do not regenerate when monsters are visible.
You are immune to unholy pain and torment.
You can survive without breathing.


Message History

You hit the bat.
The bat is heavily wounded.
The bat hits you but does no damage. The bat misses you.
Something hits you but does no damage.
You closely miss something. The bat hits you.
The orc priest miscasts a cantrip.
Something hits you.
You swing at nothing.
The bat completely misses you. Something hits you but does no damage.
You miss something. Something hits you but does no damage.
You closely miss something. The bat hits you but does no damage.
Something hits you but does no damage.
You miss something. Something hits you but does no damage.
The orc priest closely misses you.
You barely miss the orc priest. Something hits you.
You closely miss the orc priest.
You hear some strange, mumbled words.
A puff of flame appears from out of thin air!
The puff of flame hits you!
You die...

......##.###...##
.................
##.#.###.#.#...## #.#.#
#.#.# ## #.#.# #.#.#
#.#.# #.#.# #######
....###.#.. .......
........########ob.....
##.............@{#
#################


You could see an orc priest and a bat.

Vanquished Creatures
  A scorpion (D:2)
  A dart slug (D:1)
  2 orcs (D:2)
  3 bats (D:1)
  2 giant cockroaches (D:1)
  3 goblins
  2 hobgoblins (D:1)
  3 jackals (D:1)
  7 kobolds (D:1)
  A ball python (D:1)
  4 frilled lizards (D:1)
  3 rats (D:1)
32 creatures vanquished.

Notes
Turn   | Place    | Note
-------+----------+-------------------------------------------
     0 | D:1      | Borgoz the Ghoul Gladiator began the quest for the Orb.
     0 | D:1      | Reached XP level 1. HP: 17/17 MP: 0/0
   141 | D:1      | Reached XP level 2. HP: 6/24 MP: 1/1
   286 | D:1      | Reached skill level 1 in Armour
   417 | D:1      | Reached XP level 3. HP: 30/30 MP: 2/2
   648 | D:2      | Noticed a scorpion
   669 | D:2      | HP: 1/30 [scorpion (7)]
   671 | D:2      | Killed a scorpion
   671 | D:2      | Reached skill level 1 in Stealth
   671 | D:2      | Reached XP level 4. HP: 1/37 MP: 3/3
   987 | D:2      | Killed from afar by an orc wizard

Skill      XL: |  1  2  3 |
---------------+----------+-----
Dodging        | 3 |  3.2
Armour         | 1 |  1.6
Short Blades   | 3 |  3.2
Stealth        | 1 |  1.3
Fighting       | |  2.6
Throwing       | |  1.7

Action                   |  1- 3 |  4- 6 || total
-------------------------+-------+-------++-------
Melee: Rapier            |   104 |    12 ||   116
Throw: Throwing net      |     3 |       ||     3
  Use: Potion            |       |     1 ||     1
  Eat: Chunk             |    13 |       ||    13
Armor: Leather armour    |    23 |     9 ||    32
Dodge: Dodged            |    74 |    10 ||    84
